 Dungeon Crawl Stone Soup version 0.28-a0-556-gab23d0e057 (webtiles) character file.

Game seed: 4893256433331221853

758 shoop the Caller (level 7, 0/33 HPs)
             Began as a Vine Stalker Summoner on Sept 28, 2021.
             Slain by a gnoll sergeant (7 damage)
             ... on level 6 of the Dungeon.
             The game lasted 00:12:12 (5544 turns).

shoop the Caller (Vine Stalker Summoner)            Turns: 5544, Time: 00:12:12

Health: 0/33       AC:  3    Str: 10    XL:     7   Next: 80%
Magic:  0/15       EV: 12    Int: 17    God:
Gold:   212        SH:  0    Dex: 15    Spells: 11/15 levels left

rFire   . . .      SeeInvis .   k - +1 dagger (freeze)
rCold   . . .      Faith    .   (no shield)
rNeg    . . .      Spirit   +   a - +0 robe
rPois   .          Reflect  .   (no helmet)
rElec   .          Harm     .   (no cloak)
rCorr   .          Rampage  .   (no gloves)
Will    .....                   d - +0 pair of boots
Stlth   ++........              (no amulet)
HPRegen 1.11/turn               (no ring)
MPRegen 0.14/turn               (no ring)

@: no status effects
A: fangs 2, regeneration 1, magic shield, antimagic bite, no potion heal 2
a: no special abilities


You were on level 6 of the Dungeon.
You visited 1 branch of the dungeon, and saw 6 of its levels.

You collected 212 gold pieces.

Inventory:

Hand Weapons
 b - a +0 dagger
 k - a +1 dagger of freezing (weapon)
Missiles
 i - 24 poisoned darts
Armour
 a - a +0 robe (worn)
 d - a +0 pair of boots (worn)
 j - a +0 buckler
Wands
 o - a wand of polymorph (8)
 p - a wand of iceblast (8)
 q - a wand of charming (9)
Scrolls
 c - a scroll of fear {unknown}
 e - a scroll of noise {unknown}
 g - 6 scrolls of identify {unknown}
 h - a scroll of silence {unknown}
 m - a scroll of immolation {unknown}
 n - a scroll of enchant weapon {unknown}
 s - a scroll of holy word {unknown}
Potions
 f - a potion of attraction {unknown}
 l - a potion of berserk rage {unknown}
 r - 2 potions of heal wounds {unknown}


   Skills:
 - Level 1.0 Fighting
 - Level 4.0 Short Blades
 - Level 1.0 Throwing
 - Level 2.0 Dodging
 - Level 3.0 Stealth
 + Level 4.7 Spellcasting
 + Level 5.6 Summonings
 + Level 2.0 Evocations


You had 11 spell levels left.
You knew the following spells:

 Your Spells              Type           Power      Damage    Failure   Level
a - Summon Small Mammal   Summ           92%        N/A       1%          1
c - Call Canine Familiar  Summ           23%        N/A       4%          3

Your spell library contained the following spells:

 Spells                   Type           Power      Damage    Failure   Level
 Call Imp                 Summ           23%        N/A       2%          2
 Magic Dart               Conj           16%        1d3       14%         1
 Summon Guardian Golem    Hex/Summ       13%        N/A       14%         3
 Searing Ray              Conj           8%         2d4       22%         2
 Slow                     Hex            4%         N/A       22%         2
 Confusing Touch          Hex            4%         N/A       41%         3
 Vampiric Draining        Necr           2%         2d6       41%         3
 Summon Lightning Spire   Summ/Air       13%        N/A       41%         4
 Fulminant Prism          Conj/Hex       2%         3d6       82%         4


Dungeon Overview and Level Annotations

Branches:
Dungeon (6/15)
 Temple: D:4-7

Altars:
Xom

Shops:
D:3 (


Innate Abilities, Weirdness & Mutations

You have extremely sharp teeth.
Your natural rate of healing is unusually fast.
When hurt, damage is shared between your health and your magic reserves.
Your bite disrupts and absorbs the magic of your enemies.
Potions cannot restore your health.


Message History

There is a stone staircase leading down here.
You start resting.
Magic restored.
You climb downwards.
There is a stone staircase leading up here.
Done exploring.
(D) Dungeon
Where to? (Enter - D:4 @ (x,y), ? - help)
There is a stone staircase leading down here.
You climb downwards.
There is a stone staircase leading up, spattered with blood here.
There are monsters nearby!
Casting: Call Canine Familiar (dangerous; 4% risk of failure)
Confirm with . or Enter, or press ? or * to list all spells.
The gnoll misses your hound.
You swap places.
The gnoll barely misses you. The gnoll sergeant closely misses you.
The gnoll hits you with a +0 whip.
Your hound closely misses the gnoll.
You hit the gnoll. You freeze the gnoll. You bite the gnoll, but do no damage.
The gnoll is lightly wounded.
The gnoll sergeant hits you from afar with a +1 vorpal spear!
The gnoll misses you.
Your hound bites the gnoll but does no damage.
You closely miss the gnoll.
The gnoll is lightly wounded.
The gnoll sergeant hits you from afar with a +1 vorpal spear!
Your hound completely misses the gnoll.
The gnoll closely misses you.
You hit the gnoll but do no damage. You bite the gnoll. You drain its power.
You feel invigorated.
The gnoll is moderately wounded.
Your hound barely misses the gnoll.
The gnoll sergeant hits you from afar with a +1 vorpal spear!
* * * LOW HITPOINT WARNING * * *
The gnoll closely misses you.
You barely miss the gnoll.
The gnoll is moderately wounded.
Your hound closely misses the gnoll.
The scorpion stings you.
* * * LOW HITPOINT WARNING * * *
The gnoll sergeant hits you from afar with a +1 vorpal spear!
You die...

#... .###...
....... .......
....... ###.
.......#####.....
#...gs....#
#...gg@..#
#####h#### #<#
#+#


You could see a gnoll sergeant, a scorpion, 2 gnolls and a friendly hound
(summoned).

Vanquished Creatures
  A black bear (D:5)
  A howler monkey (D:4)
  A centaur zombie (D:5)
  A hound (D:4)
  A centaur skeleton (D:5)
  2 iguanas
  3 orc wizards
  6 adders
  An ufetubus (D:4)
  An adder skeleton (D:4)
  4 worms
  3 dart slugs
  5 orcs (D:3)
  4 ball pythons
  5 bats
  6 endoplasms
  A giant cockroach (D:2)
  12 goblins
  9 hobgoblins
  6 jackals
  3 quokkas
  3 frilled lizards (D:1)
  7 kobolds
  3 rats
89 creatures vanquished.

Vanquished Creatures (collateral kills)
  An ogre (D:4)
  A bullfrog skeleton (D:4)
  2 iguanas
  An orc wizard (D:5)
  A gnoll (D:6)
  2 adders
  A worm (D:2)
  3 orcs
  2 endoplasms (D:1)
  2 goblins
  A hobgoblin (D:4)
  A jackal (D:1)
  3 kobolds
  A quokka (D:1)
22 creatures vanquished.

Vanquished Creatures (others)
  A plant (D:1)
1 creature vanquished.

Grand Total: 112 creatures vanquished

Notes
Turn   | Place    | Note
-------+----------+-------------------------------------------
     0 | D:1      | shoop the Vine Stalker Summoner began the quest for the
                  | Orb.
     0 | D:1      | Reached XP level 1. HP: 9/9 MP: 4/4
   257 | D:1      | Reached XP level 2. HP: 9/13 MP: 4/6
   599 | D:1      | Reached skill level 1 in Short Blades
  1008 | D:1      | Reached XP level 3. HP: 15/16 MP: 7/7
  1012 | D:1      | Learned a level 3 spell: Call Canine Familiar
  2009 | D:2      | Found a faded altar of an unknown god.
  2055 | D:2      | Gained mutation: Your natural rate of healing is unusually
                  | fast. [Vine Stalker growth]
  2055 | D:2      | Reached XP level 4. HP: 19/21 MP: 4/8
  2864 | D:3      | Found Deruseav's Weapon Emporium.
  3260 | D:3      | Reached XP level 5. HP: 24/24 MP: 10/10
  3541 | D:3      | Reached skill level 1 in Throwing
  3717 | D:4      | Reached XP level 6. HP: 28/28 MP: 7/11
  4050 | D:4      | Reached skill level 5 in Summonings
  4392 | D:4      | Reached XP level 7. HP: 25/32 MP: 9/13
  4747 | D:5      | Entered Level 5 of the Dungeon
  4894 | D:5      | Reached skill level 1 in Fighting
  4894 | D:5      | Reached skill level 1 in Evocations
  5239 | D:5      | Found a shimmering altar of Xom.
  5474 | D:6      | Noticed a troll
  5544 | D:6      | Slain by a gnoll sergeant

Illustrated notes

Levels and vault maps discovered:
D:1:      ncdulo_halloftheorcs, layout_basic, serial_forest,
          infiniplex_forest_lined_2, infiniplex_forest_3_way,
          infiniplex_forest_lined_room_, infiniplex_forest_zigzag_2,
          infiniplex_forest_zigzag_1, infiniplex_forest_lined_ring,
          infiniplex_forest_lined_ring, minivault_23,
          chequers_serial_rivers_small_a
D:2:      layout_loops_ring, hellmonk_ecumenical_altar_lost_god,
          minmay_tetromino_i2
D:3:      corexii_shack_village, layout_basic, serial_shops, shop
D:4:      layout_basic, minmay_crossroads
D:5:      layout_cave_pools, kennysheep_little_box
D:6:      layout_loops_corners, minmay_temple_entry_ruins, uniq_menkaure

Skill      XL: |  1  2  3  4  5  6  7 |
---------------+----------------------+-----
Short Blades   | 1 2 3 4 |  4.0
Stealth        | 3 |  3.0
Dodging        | 2 |  2.0
Throwing       | 1 |  1.0
Spellcasting   | 3 4 |  4.7
Summonings     | 5 |  5.6
Fighting       | 1 |  1.0
Evocations     | 2 |  2.0

Action                   |  1- 3 |  4- 6 |  7- 9 || total
-------------------------+-------+-------+-------++-------
Melee: Unarmed           |     7 |       |       ||     7
       Dagger            |    92 |   203 |    64 ||   359
       Bite              |    23 |    50 |    21 ||    94
 Cast: Summon Small Mamm |    26 |    12 |       ||    38
       Call Canine Famil |       |     6 |     5 ||    11
 Stab: Sleeping          |    10 |    12 |     4 ||    26
       Distracted        |       |     3 |     1 ||     4
Armor: Robe              |    28 |    38 |     9 ||    75
Dodge: Dodged            |    68 |   112 |    49 ||   229

Table legend: (Time is in decaauts)
 A = Elapsed time spent in this place.
 B = Non-inter-level travel time spent in this place.
 C = Inter-level travel time spent in this place.
 D = Time resting spent in this place.
 E = Time spent auto-exploring this place.
 F = Levels seen in this place.
 G = Mean time per level.
                   A        B        C        D        E       F      G
               +--------+--------+--------+--------+--------+-----+--------+
         Total |   5502 |   5299 |    203 |     59 |   4235 |   6 |  917.0 |
       Dungeon |   5502 |   5299 |    203 |     59 |   4235 |   6 |  917.0 |
               +--------+--------+--------+--------+--------+-----+--------+

Top non-repeatable levels by time:
     D:1: 1378 daAuts
     D:2: 1363 daAuts
     D:4: 1152 daAuts
     D:3: 861 daAuts
     D:5: 725 daAuts
     D:6: 21 daAuts
